 Dungeon Crawl Stone Soup version 0.27-a0-597-g524d869a0f (webtiles) character file.

Game seed: 12095635148941328220

109 spiderkeys the Grave Robber (level 4, -5/30 HPs)
             Began as a Demonspawn Necromancer on Mar 12, 2021.
             Killed by divine providence
             ... invoked by an orc priest
              (15 damage)
             ... on level 3 of the Dungeon.
             The game lasted 00:08:14 (3205 turns).

spiderkeys the Grave Robber (DsNe)                  Turns: 3205, Time: 00:08:14

Health: -5/30      AC: 10    Str:  9    XL:     4   Next: 60%
Magic:  4/8        EV: 12    Int: 23    God:
Gold:   138        SH:  0    Dex: 13    Spells: 6/8 levels left

rFire    . . .     SeeInvis .   c - +2 whip (venom)
rCold    . . .     Faith    .   (no shield)
rNeg     . . .     Spirit   .   i - +0 leather armour
rPois    .         Reflect  .   h - +0 helmet
rElec    .         Harm     .   (no cloak)
rCorr    .         Rampage  .   q - +0 pair of gloves
Will     .....                  g - +1 pair of boots
Stlth    ++........             (no amulet)
HPRegen  0.10/turn              o - +6 ring of intelligence
MPRegen  0.11/turn              (no ring)

@: no status effects
A: yellow scales 2
a: no special abilities


You were on level 3 of the Dungeon.
You visited 1 branch of the dungeon, and saw 3 of its levels.

You collected 138 gold pieces.

Inventory:

Hand Weapons
 c - a +2 whip of venom (weapon)
Armour
 g - a +1 pair of boots (worn)
 h - a +0 helmet (worn)
 i - a +0 leather armour (worn)
 q - a +0 pair of gloves (worn)
Jewellery
 o - a +6 ring of intelligence (right hand)
Scrolls
 b - a scroll of fear {unknown}
 d - a scroll of enchant weapon {unknown}
 f - a scroll of teleportation {unknown}
 j - a scroll of blinking {unknown}
 l - a scroll of magic mapping {unknown}
 m - 2 scrolls of identify {unknown}
Potions
 a - a potion of curing {unknown}
 e - 2 potions of degeneration {unknown}
 k - a potion of might {unknown}
 n - a potion of lignification {unknown}
 p - a potion of ambrosia {unknown}


   Skills:
 + Level 2.7 Dodging
 - Level 1.7 Stealth
 + Level 2.7 Spellcasting
 * Level 5.6 Necromancy


You had 6 spell levels left.
You knew the following spells:

 Your Spells              Type           Power      Damage    Failure   Level
a - Pain                  Necr           100%       1d9       1%          1
b - Animate Skeleton      Necr           58%        N/A       1%          1

Your spell library contained the following spells:

 Spells                   Type           Power      Damage    Failure   Level
 Vampiric Draining        Necr           14%        2d8       4%          3
 Animate Dead             Necr           14%        N/A       16%         4
 Agony                    Necr           29%        N/A       41%         5


Dungeon Overview and Level Annotations

Branches:
Dungeon (3/15)

Altars:
Fedhas


Innate Abilities, Weirdness & Mutations

You are mostly covered in yellow scales. (AC +3)


Message History

Magic restored.
HP restored.
Things that are here:
a +0 club; a hobgoblin corpse
Found a pair of gloves.
Found 16 sling bullets.
p - a coppery potion You see here a +0 pair of gloves.
q - a +0 pair of gloves You start putting on your armour.
You continue putting on your +0 pair of gloves. x4
You finish putting on your +0 pair of gloves.
An orc comes into view. It is wielding a +0 dagger of speed.
An orc priest comes into view. It is wielding a +0 dagger.
The orc priest shouts!
The orc priest writhes in agony.
The orc shouts!
An orc priest comes into view. It is wielding a +0 whip.
The orc priest writhes in agony.
The orc priest shouts!
A kobold comes into view.
It is wielding a +0 club and carrying a wand of iceblast (4).
Casting: Pain (safe; 1% risk of failure)
Confirm with . or Enter, or press ? or * to list all spells.
You don't know that spell.
Casting: Pain (safe; 1% risk of failure)
Confirm with . or Enter, or press ? or * to list all spells.
Okay, then.
The orc barely resists.
The kobold shouts!
The orc writhes in agony.
The orc writhes in agony!
You kill the orc!
The orc priest calls down the wrath of Beogh upon you.
Beogh smites you!
Ouch! That really hurt!
* * * LOW HITPOINT WARNING * * *
The orc priest mumbles some strange prayers to Beogh against you.
Beogh smites you!
Ouch! That really hurt!
You die...

#o# ##... ###.#
##..≈. #...#
#..≈≈. #o###
#.≈≈_≈ ##.#
#.≈≈≈≈ ##..###
....≈≈ ##.....##
##... #.......#
+.... ##...#@##
###.. #.....#
#.# ###.### #..
#.# ### #.# #.#
#.# ###.####
####
#......#########
#...


You could see an orc priest.

Vanquished Creatures
  3 adders (D:2)
  2 oozes (D:1)
  2 worms (D:2)
  A dart slug (D:3)
  An orc (D:3)
  8 bats
  A giant cockroach (D:1)
  8 goblins
  8 hobgoblins
  5 jackals (D:2)
  12 kobolds
  A quokka (D:2)
  2 ball pythons (D:2)
  7 rats
61 creatures vanquished.

Notes
Turn   | Place    | Note
-------+----------+-------------------------------------------
     0 | D:1      | spiderkeys the Demonspawn Necromancer began the quest for
                  | the Orb.
     0 | D:1      | Reached XP level 1. HP: 13/13 MP: 3/3
     2 | D:1      | Learned a level 1 spell: Animate Skeleton
   328 | D:1      | Gained mutation: You are partially covered in yellow
                  | scales. (AC +2) [demonic ancestry]
   328 | D:1      | Reached XP level 2. HP: 16/19 MP: 0/5
   854 | D:1      | Reached skill level 5 in Necromancy
   987 | D:1      | Reached XP level 3. HP: 22/24 MP: 3/6
  1818 | D:2      | Gained mutation: You are mostly covered in yellow scales.
                  | (AC +3) [demonic ancestry]
  1818 | D:2      | Reached XP level 4. HP: 25/30 MP: 1/7
  3002 | D:3      | Found a blossoming altar of Fedhas.
  3205 | D:3      | Killed from afar by an orc priest

Illustrated notes

Levels and vault maps discovered:
D:1:      onia_arrival_pentagram, layout_loops_ring, minmay_tripent
D:2:      minmay_inner_zag, layout_basic
D:3:      layout_loops_corners, fedhas_altar_2, minitemple

Skill      XL: |  1  2 |
---------------+-------+-----
Dodging        | 2 |  2.7
Necromancy     | 5 |  5.6
Stealth        | |  1.7
Spellcasting   | |  2.7

Action                   |  1- 3 |  4- 6 || total
-------------------------+-------+-------++-------
Melee: Whip              |    14 |     6 ||    20
 Cast: Pain              |    63 |    46 ||   109
       Animate Skeleton  |     1 |     1 ||     2
Armor: Robe              |     1 |       ||     1
       Leather armour    |       |     4 ||     4
Dodge: Dodged            |    16 |    15 ||    31

Table legend: (Time is in decaauts)
 A = Elapsed time spent in this place.
 B = Non-inter-level travel time spent in this place.
 C = Inter-level travel time spent in this place.
 D = Time resting spent in this place.
 E = Time spent auto-exploring this place.
 F = Levels seen in this place.
 G = Mean time per level.
                   A        B        C        D        E       F      G
               +--------+--------+--------+--------+--------+-----+--------+
         Total |   3206 |   3084 |    122 |    102 |   2608 |   3 | 1068.7 |
       Dungeon |   3206 |   3084 |    122 |    102 |   2608 |   3 | 1068.7 |
               +--------+--------+--------+--------+--------+-----+--------+

Top non-repeatable levels by time:
     D:2: 1524 daAuts
     D:1: 1421 daAuts
     D:3: 259 daAuts
